 Dungeon Crawl Stone Soup version 0.31-a0-702-gf82c85558f (webtiles) character file.

Game seed: 4794784708890918320

49 javelincjr the Ruffian (level 3, 0/29 HPs)
             Began as a Demigod Shapeshifter on Sept 8, 2023.
             Slain by a black bear (4 damage)
             ... on level 2 of the Dungeon.
             The game lasted 00:02:30 (823 turns).

javelincjr the Ruffian (Demigod Shapeshifter)        Turns: 823, Time: 00:02:30

Health: 0/29       AC:  2    Str: 19    XL:     3   Next: 33%
Magic:  5/5        EV: 12    Int: 12    God:
Gold:   94         SH:  0    Dex: 13    Spells: 2/2 levels left

rFire   . .          .
                       - Unarmed
rCold   . . .        (no shield)
rNeg    . . .        a - +0 animal skin
rPois   .            (helmet currently unavailable)
rElec   .            (cloak currently unavailable)
rCorr   .            (gloves currently unavailable)
SInv    .            (boots currently unavailable)
Will    .....        (no amulet)
Stlth   +            (no ring)
HPRegen 0.24/turn    (no ring)
MPRegen 0.09/turn

%: no passive effects
@: beast-form
A: beast (slay +1), high MP 1, forlorn, divine attributes
a: Begin Untransformation


You were on level 2 of the Dungeon.
You were a hulking beast.
You visited 1 branch of the dungeon, and saw 2 of its levels.

You collected 94 gold pieces.

Inventory:

Armour
 a - a +0 animal skin (worn)
Talismans
 c - a beast talisman (active)
 d - a flux talisman
Potions
 b - a potion of lignification
 e - a potion of curing {unknown}
 f - a potion of heal wounds {unknown}
 g - 2 potions of might {unknown}


   Skills:
 + Level 1.7 Fighting
 + Level 2.3 Dodging
 + Level 3.1 Unarmed Combat
 + Level 3.0 Shapeshifting


You had 2 spell levels left.
You didn't know any spells.
Your spell library contained the following spells:

 Spells                   Type           Power      Damage    Failure   Level
 Summon Small Mammal      Summ           0%         N/A       32%         1
 Sublimation of Blood     Necr           0%         N/A       45%         2
 Wereblood                Tmut           0%         N/A       45%         2
 Call Canine Familiar     Summ           0%         N/A       69%         3
 Summon Guardian Golem    Hex/Summ       0%         N/A       69%         3
 Summon Hydra             Summ           0%         N/A       100%        7


Dungeon Overview and Level Annotations

Branches:
Dungeon (2/15)


Innate Abilities, Weirdness & Mutations

You are a hulking beast.
Your limbs bulge with bestial killing power. (Slay +1)
You have an increased reservoir of magic. (+10% MP)
You shall have no god before yourself.
Your divine heritage dramatically boosts your attributes as you level up.


Message History

g - 2 smoky clear potions You open the door.
There is an open door here.
A kobold comes into view. It is wielding a +0 club.
The kobold shouts!
The kobold throws a stone.
The stone hits you.
A worm comes into view.
Found a dagger.
A black bear comes into view.
The kobold throws a stone.
The stone closely misses you.
A hobgoblin comes into view.
The kobold throws a stone.
The stone hits you.
The black bear growls angrily.
The hobgoblin shouts!
The worm closely misses you.
You hit the black bear.
The black bear is moderately wounded.
The black bear closely misses you. The black bear misses you.
The black bear claws you.
The kobold throws a stone.
The stone misses you. The worm attacks as it pursues you! The worm bites you!
You closely miss the black bear.
The black bear is moderately wounded.
The black bear barely misses you. x2
The black bear claws you but does no damage.
You closely miss the black bear.
The black bear is moderately wounded.
The black bear barely misses you. x2; The black bear closely misses you.
You closely miss the black bear.
The black bear is moderately wounded.
The black bear bites you.
The black bear claws you but does no damage.
The black bear claws you.
You hit the black bear.
The black bear is moderately wounded.
The black bear bites you!
* * * LOW HITPOINT WARNING * * *
The black bear barely misses you. x2
You hit the black bear.
The black bear is heavily wounded.
The black bear closely misses you. The black bear claws you.
You die...

....... .......
....... #.#
....... #.#
##....... #.#
#........
#.####........
#.##.hK....)..
#.##h#........
##.##.#........
#.....#........
#..####.#+#..##
#..# ..# .##
#######..# ###
# .........#
########.# #.#


You could see a black bear and a kobold.

Vanquished Creatures
  An adder (D:2)
  3 dart slugs
  3 ball pythons (D:1)
  An endoplasm (D:1)
  2 giant cockroaches (D:1)
  4 goblins (D:1)
  3 hobgoblins
  4 jackals (D:1)
  2 kobolds (D:1)
  2 quokkas (D:1)
  2 frilled lizards
  3 rats (D:1)
30 creatures vanquished.

Notes
Turn   | Place    | Note
-------+----------+-------------------------------------------
     0 | D:1      | javelincjr the Demigod Shapeshifter began the quest for the
                  | Orb.
     0 | D:1      | Reached XP level 1. HP: 15/15 MP: 3/3
    23 | D:1      | Reached skill level 1 in Fighting
   110 | D:1      | Reached XP level 2. HP: 22/23 MP: 4/4
   402 | D:1      | Reached XP level 3. HP: 23/28 MP: 5/5
   813 | D:2      | Noticed a black bear
   823 | D:2      | Slain by a black bear

Illustrated notes

Levels and vault maps discovered:
D:1:      psy_arrival_spokes, layout_rooms
D:2:      layout_basic, basic_ecumenical_altar

Skill      XL: |  1  2 |
---------------+-------+-----
Fighting       | 1 |  1.7
Dodging        | 2 |  2.3
Unarmed Combat | 3 |  3.1
Shapeshifting  | 3 |  3.0

Action                     || total
---------------------------++-------
  Melee: Unarmed           ||    89
         Punch             ||     2
 Armour: Animal skin       ||    50
  Dodge: Dodged            ||    62

Table legend: (Time is in decaauts)
 A = Elapsed time spent in this place.
 B = Non-inter-level travel time spent in this place.
 C = Inter-level travel time spent in this place.
 D = Time resting spent in this place.
 E = Time spent auto-exploring this place.
 F = Levels seen in this place.
 G = Mean time per level.
                   A        B        C        D        E       F      G
               +--------+--------+--------+--------+--------+-----+--------+
         Total |    817 |    769 |     48 |      0 |    609 |   2 |  408.5 |
       Dungeon |    817 |    769 |     48 |      0 |    609 |   2 |  408.5 |
               +--------+--------+--------+--------+--------+-----+--------+

Top non-repeatable levels by time:
     D:1: 603 daAuts
     D:2: 214 daAuts
